 Dungeon Crawl Stone Soup version 0.30-a0-219-gf2db51d15e (webtiles) character file.

Game seed: 7890811552916774755

823 vineage the Trooper (level 7, -2/47 HPs)
             Began as a Gargoyle Fighter on Oct 7, 2022.
             Slain by a gnoll
             ... wielding a +0 halberd
              (7 damage)
             ... on level 5 of the Dungeon.
             The game lasted 00:06:10 (4241 turns).

vineage the Trooper (Gargoyle Fighter)              Turns: 4241, Time: 00:06:11

Health: -2/47      AC: 18    Str: 22    XL:     7   Next: 96%
Magic:  7/7        EV:  9    Int:  8    God:
Gold:   227        SH:  5    Dex:  9    Spells: 6/6 levels left

rFire   x . .      SeeInvis .    h - +1 whip (venom)
rCold   + + .      Faith    .    c - +1 buckler
rNeg    + . .      Spirit   .    p - +0 ice dragon scales
rPois   ∞          Reflect  .    k - +0 helmet
rElec   +          Harm     .    (no cloak)
rCorr   .          Rampage  .    e - +0 pair of gloves
Will    .....                    (no boots)
Stlth   ..........               (no amulet)
HPRegen 0.27/turn                (no ring)
MPRegen 0.10/turn                (no ring)

@: mighty
A: sickness immunity, AC +4, negative energy resistance 1, electricity
resistance, torment resistance 1, petrification resistance
a: no special abilities


You were on level 5 of the Dungeon.
You visited 1 branch of the dungeon, and saw 5 of its levels.

You collected 227 gold pieces.

Inventory:

Hand Weapons
 a - a +1 flail
 h - a +1 whip of venom (weapon)
Armour
 c - a +1 buckler (worn)
 e - a +0 pair of gloves (worn)
 i - a +0 chain mail
 k - a +0 helmet (worn)
 p - +0 ice dragon scales (worn)
Jewellery
 o - a ring of flight
 s - a +6 ring of intelligence
 x - a ring of see invisible
Scrolls
 f - a scroll of enchant weapon
 j - a scroll of teleportation
 q - a scroll of summoning {unknown}
 v - a scroll of enchant armour
Potions
 d - 2 potions of heal wounds
 g - 2 potions of brilliance
 l - 2 potions of berserk rage
 m - a potion of degeneration {unknown}
 n - 3 potions of haste
 t - 3 potions of attraction
 w - 2 potions of cancellation {unknown}


   Skills:
 * Level 6.4 Fighting
 * Level 5.3 Maces & Flails
 + Level 4.9 Armour
 + Level 5.0 Shields


You had 6 spell levels left.
You didn't know any spells.
Your spell library contained the following spells:

 Spells                   Type           Power      Damage    Failure   Level
 Poisonous Vapours        Pois/Air       0%         N/A       95%         2
 Mephitic Cloud           Conj/Pois/Air  0%         N/A       99%         3
 Cigotuvi's Dreadful Rot  Necr/Pois/Air  Unusable   N/A       N/A         2

Dungeon Overview and Level Annotations

Branches:
Dungeon (5/15)             Temple (0/1) D:4

Altars:
Ashenzari
Uskayaw


Innate Abilities, Weirdness & Mutations

You are immune to sickness and miasma.
Your stone body is resilient. (AC +4)
You are immune to poison.
You resist negative energy. (rN+)
You are resistant to electric shocks. (rElec)
You are resistant to unholy torment.
You are immune to petrification.


Message History

You are too injured to fight recklessly!
You are too injured to fight recklessly!
You are too injured to fight recklessly!
You are too injured to fight recklessly!
You are too injured to fight recklessly!
You are too injured to fight recklessly!
You are too injured to fight recklessly!
You are too injured to fight recklessly!
You are too injured to fight recklessly!
You are too injured to fight recklessly!
The phantom attacks as you move away!
The phantom hits you but does no damage.
The jackal bites you but does no damage.
You feel very mighty all of a sudden.
The jackal bites you but does no damage.
The jackal attacks as you move away!
The jackal bites you but does no damage. x2
You whack the jackal!
You kill the jackal!
You are too injured to fight recklessly!
You whack the phantom!
The phantom is almost destroyed.
You block the phantom's attack.
You whack the phantom!
You destroy the phantom!
Your Shields skill increases to level 5!
The gnoll hits you but does no damage.
You are too injured to fight recklessly!
The gnoll barely misses you. The gnoll hits you but does no damage.
You closely miss the gnoll. The gnoll closely misses you.
The gnoll hits you from afar with a +0 halberd!
You barely miss the gnoll. The gnoll barely misses you.
You barely miss the gnoll. The gnoll barely misses you.
The gnoll hits you but does no damage.
The gnoll hits you from afar with a +0 halberd!
* * * LOW HITPOINT WARNING * * *
You barely miss the gnoll.
The gnoll hits you but does no damage. x2
The gnoll hits you from afar with a +0 halberd!
You die...

#. #..........
#. #.#########
... #.# ...
#.####### ...
#.......# ...
#######.# #.#
#.##.##.##
#######.#g......
.......@g†.#
.......g###.#
.########


You could see 3 gnolls.

Vanquished Creatures
  An ice beast (D:4)
  A phantom (D:5)
  A bullfrog (D:5)
  2 scorpions
  A vampire bat (D:3)
  An orc priest (D:4)
  3 hounds (D:5)
  4 iguanas
  An orc wizard (D:4)
  4 gnolls (D:2)
  5 adders
  An ufetubus (D:4)
  2 worms
  3 dart slugs
  5 orcs (D:4)
  5 ball pythons
  13 bats
  2 endoplasms (D:4)
  7 giant cockroaches
  7 goblins
  5 hobgoblins
  12 jackals
  8 quokkas
  4 frilled lizards
  7 kobolds
  7 rats
112 creatures vanquished.

Notes
Turn   | Place    | Note
-------+----------+-------------------------------------------
     0 | D:1      | vineage the Gargoyle Fighter began the quest for the Orb.
     0 | D:1      | Reached XP level 1. HP: 14/14 MP: 1/1
   113 | D:1      | Reached XP level 2. HP: 19/19 MP: 2/2
   323 | D:1      | HP: 1/20 [quokka (4)]
   326 | D:1      | Reached XP level 3. HP: 2/24 MP: 3/3
   786 | D:2      | Reached skill level 4 in Fighting
   905 | D:2      | Reached XP level 4. HP: 28/29 MP: 4/4
  1388 | D:2      | Reached XP level 5. HP: 34/34 MP: 5/5
  2009 | D:3      | Found a hide-covered altar of Uskayaw.
  2992 | D:4      | Noticed an ice beast
  3027 | D:4      | Killed an ice beast
  3028 | D:4      | Reached skill level 5 in Fighting
  3028 | D:4      | Reached XP level 6. HP: 32/40 MP: 6/6
  3323 | D:4      | Reached XP level 7. HP: 44/44 MP: 7/7
  3426 | D:4      | Found a broken altar of Ashenzari.
  3697 | D:4      | Found a staircase to the Ecumenical Temple.
  4001 | D:5      | Entered Level 5 of the Dungeon
  4018 | D:5      | Reached skill level 6 in Fighting
  4060 | D:5      | Reached skill level 5 in Maces & Flails
  4235 | D:5      | Reached skill level 5 in Shields
  4241 | D:5      | Slain by a gnoll

Illustrated notes

Levels and vault maps discovered:
D:1:      sevenhm_arrival_forest_fort_large_4, layout_rooms
D:2:      layout_basic
D:3:      layout_basic, eat_drink_and_be_merry_uskayaw, roderic_batcave,
          supply_closet_lemuel
D:4:      layout_basic, overflow_temple_1_default,
          minmay_temple_entry_enclosed_plants, grunt_ministairs_6
D:5:      layout_loops_ring, mainiacjoe_overflow_alcove_2,
          nzn_wu_jian_contemplation, marbit_many_paths

Skill      XL: |  1  2  3  4  5  6  7 |
---------------+----------------------+-----
Fighting       | 4 5 6 |  6.4
Maces & Flails | 3 4 5 |  5.3
Armour         | 4 |  4.9
Shields        | 4 5 |  5.0

Action                   |  1- 3 |  4- 6 |  7- 9 || total
-------------------------+-------+-------+-------++-------
Melee: Flail             |   132 |    82 |       ||   214
       Whip              |       |   150 |   106 ||   256
  Use: Potion            |     1 |     2 |     1 ||     4
       Scroll            |     4 |     9 |     4 ||    17
Armor: Scale mail        |    94 |    53 |       ||   147
       Chain mail        |       |    65 |       ||    65
       Ice dragon scales |       |    27 |    94 ||   121
Dodge: Dodged            |    52 |   114 |    61 ||   227
Block: Buckler           |    36 |    80 |    38 ||   154

Table legend: (Time is in decaauts)
 A = Elapsed time spent in this place.
 B = Non-inter-level travel time spent in this place.
 C = Inter-level travel time spent in this place.
 D = Time resting spent in this place.
 E = Time spent auto-exploring this place.
 F = Levels seen in this place.
 G = Mean time per level.
                   A        B        C        D        E       F      G
               +--------+--------+--------+--------+--------+-----+--------+
         Total |   4287 |   4030 |    257 |      6 |   3134 |   5 |  857.4 |
       Dungeon |   4287 |   4030 |    257 |      6 |   3134 |   5 |  857.4 |
               +--------+--------+--------+--------+--------+-----+--------+

Top non-repeatable levels by time:
     D:3: 1170 daAuts
     D:2: 1121 daAuts
     D:4: 1004 daAuts
     D:1: 757 daAuts
     D:5: 232 daAuts
